 Dungeon Sprint DCSS version 0.24-a0-420-g24607be9ce (webtiles) character file.

Game seed: 438025478997882519

64250 wilfster70 the Slayer (level 14, -2/162 HPs)
             Began as a Minotaur Fighter on June 11, 2019.
             Was an Initiate of Gozag.
             Slain by Mennas
             ... wielding a +4 sacred scourge of holy wrath
              (11 damage)
             ... in the Dungeon (Sprint IX: "|||||||||||||||||||||||||||||").
             The game lasted 00:19:27 (5917 turns).

wilfster70 the Slayer (Minotaur Fighter)            Turns: 5917, Time: 00:19:27

Health: -2/162     AC: 28    Str: 23    XL:     14   Next: 71%
Magic:  21/21      EV: 18    Int: 10    God:    Gozag
Gold:   2700       SH: 14    Dex: 11    Spells: 13/13 levels left

rFire    . . .     SeeInvis +   H - +4 flail of Uncomfortable Rashes {crush, +Fly SInv}
rCold    + . .     Gourm    .   y - +0 shield
rNeg     . . .     Faith    .   q - +1 plate armour of Gogunesch {Int+3 Stlth+}
rPois    .         Spirit   .   (helmet restricted)
rElec    +         Reflect  .   v - +0 cloak
rCorr    .         Harm     .   z - +2 pair of gloves
MR       +....     NoTele   +   E - +1 pair of boots
Stlth    ..........             (no amulet)
HPRegen  0.37/turn              A - ring "Cehodoz" {rElec rC+ Stlth+}
MPRegen  0.17/turn              r - +2 ring of evasion

@: berserk cooldown, slowed, glowing, silenced, very slow
A: retaliatory headbutt, horns 2
a: Renounce Religion, Evoke Flight


You were in the Dungeon.
You worshipped Gozag.
Gozag was most pleased with you.
You were not hungry.

You visited 1 branch You collected 18809 gold pieces.
You spent 4488 gold pieces at shops.
You paid 11621 gold pieces to Gozag.

Inventory:

Hand Weapons
 a - a +3 flail of holy wrath
 b - a +2 scimitar of flaming
 G - a +0 morningstar
 H - the +4 flail of Uncomfortable Rashes (weapon) {crush, +Fly SInv}
   (You bought it in a shop in the Dungeon)

   It inflicts extra damage upon your enemies.
   It lets you see invisible.
   It lets you fly.
Armour
 c - the +1 ice dragon scales "Nufi Wim" {rF- rC++ Str+6 Dex-2}
   (You bought it in a shop in the Dungeon)

   It affects your strength (+6).
   It affects your dexterity (-2).
   It makes you vulnerable to fire.
   It greatly protects you from cold.
 q - the +1 plate armour of Gogunesch (worn) {Int+3 Stlth+}
   (You bought it in a shop in the Dungeon)

   It affects your intelligence (+3).
   It makes you more stealthy.
 v - a +0 cloak (worn)
 y - a +0 shield (worn)
 z - a +2 pair of gloves (worn)
 E - a +1 pair of boots (worn)
Jewellery
 p - an uncursed ring of ice
 r - a +2 ring of evasion (right hand)
 A - the ring "Cehodoz" (left hand) {rElec rC+ Stlth+}
   (You bought it in a shop in the Dungeon)

   [ring of stealth]

   It protects you from cold.
   It insulates you from electricity.
   It makes you more stealthy.
 B - an uncursed ring of protection from fire
 C - an uncursed ring of protection from fire
 D - an uncursed ring of protection from magic
Wands
 o - a wand of iceblast (10)
Scrolls
 k - 6 scrolls of blinking
 m - 4 scrolls of remove curse
 n - 2 scrolls of amnesia
 w - 3 scrolls of fear
 x - 2 scrolls of fog
Potions
 d - a potion of might
 e - 6 potions of curing
 g - 8 potions of heal wounds
 h - a potion of haste
 i - 4 potions of magic
 j - a potion of invisibility
 l - 2 potions of brilliance
 u - a potion of lignification
 F - a potion of resistance
Miscellaneous
 t - a box of beasts
Comestibles
 f - 13 rations


   Skills:
 * Level 25.5 Fighting
 + Level 12.8 Long Blades
 - Level 14.0 Maces & Flails
 - Level 19.0 Armour
 + Level 20.9 Dodging
 - Level 15.1 Shields
 + Level 11.7 Evocations


You had 13 spell levels left.
You didn't know any spells.
Your spell library contained the following spells:

 Spells                   Type           Power        Failure   Level  Hunger
 Corona                   Hex            #......      94%         1    ##.....
 Ensorcelled Hibernation  Hex/Ice        #.....       98%         2    ###....
 Confuse                  Hex            #.......     100%        3    ####...
 Dazzling Spray           Conj/Hex       #.....       100%        3    ####...
 Tukima's Dance           Hex            #.......     100%        3    ####...


Dungeon Overview and Level Annotations

Branches:
Dungeon (1/1)

Altars:
Cheibriados
Dithmenos
Elyvilon
Fedhas
Gozag
Hepliaklqana
Kikubaaqudgha
Makhleb
Nemelex Xobeh
Okawaru
Qazlal
Ru
Sif Muna
Trog
Uskayaw
Vehumet
Wu Jian
Xom
Yredelemnul
Zin
The Shining One
Beogh
Jiyva
Lugonu

Shops:
D (*[=[(((

Annotations:
D Mennas


Innate Abilities, Weirdness & Mutations

You reflexively headbutt those who attack you in melee.
You have a pair of horns on your head.


Message History

Mennas misses you. Mennas blocks your attack.
Your headbutt misses Mennas.
Mennas is moderately wounded.
Mennas is caught in a moment of prayer.
You block Mennas's attack. Mennas hits you but does no damage.
You hit Mennas but do no damage. Your headbutt misses Mennas.
Mennas is moderately wounded.
You bludgeon Mennas!! Your headbutt misses Mennas.
Mennas is heavily wounded.
You are no longer berserk.
You are exhausted.
You feel yourself slow down. You block Mennas's attack. x2
You hit Mennas.
Mennas is heavily wounded.
You block Mennas's attack.
Mennas hits you with a +4 sacred scourge of holy wrath!
* * * LOW HITPOINT WARNING * * *
Mennas hits you with a +4 sacred scourge of holy wrath!
You die...
Your body crumbles into a pile of gold.

..)))))))).[[[[[[[[..........)).)
▓▓▓▓▓▓▓▓▓▓▓▓▓▓▓▓▓▓▓▓▓▓▓▓▓▓▓▓▓▓▓▓▓
.................................
▓▓▓▓▓▓▓▓▓▓▓▓♣♣♣♣♣♣♣♣♣♣▓▓▓▓▓▓▓▓▓▓▓
.()))[......'..)......'.......∩.'
▓▓▓▓▓▓▓▓▓▓▓▓♣♣♣♣♣♣♣♣♣♣▓▓▓▓▓▓▓▓▓▓▓
.................................
▓▓▓▓▓▓▓▓▓▓▓▓▓▓▓▓▓▓▓▓▓▓▓▓▓▓▓▓▓▓▓▓▓
.)))).))........@A()...'[[[......
▓▓▓▓▓▓▓▓▓▓▓▓▓▓▓▓▓▓▓▓▓▓▓▓▓▓▓▓▓▓▓▓▓


You could see Mennas.

Vanquished Creatures
  Agnes (D)
  2 vault wardens (D)
  A ghost moth (D)
  3 fire giants (D)
  An entropy weaver (D)
  An ironheart preserver (D)
  A stone giant (D)
  4 very ugly things (D)
  A spark wasp (D)
  3 ettins (D)
  Josephine (D)
  2 great orbs of eyes (D)
  A fire dragon (D)
  2 hydras (D)
  3 rakshasas (D)
  4 ice dragons (D)
  An anaconda (D)
  A centaur warrior (D)
  Erica (D)
  A merfolk aquamancer (D)
  An alligator (D)
  10 ogre magi (D)
  2 two-headed ogres (D)
  A deep troll earth mage (D)
  A deep troll shaman (D)
  A naga sharpshooter (D)
  An orc high priest (D)
  A shock serpent (D)
  A deep elf knight (D)
  A swamp dragon (D)
  A naga ritualist (D)
  A wizard (D)
  2 harpies (D)
  2 ugly things (D)
  3 orc knights (D)
  2 wolf spiders (D)
  3 ironbrand convokers (D)
  2 cyclopes (D)
  A manticore (D)
  2 moths of wrath (D)
  A slime creature (D)
  A salamander (D)
  Psyche (D)
  A naga mage (D)
  4 black mambas (D)
  A water nymph (D)
  Joseph (D)
  2 spiny frogs (D)
  An efreet (D)
  A freezing wraith (D)
  2 yaktaurs (D)
  A demonic crawler (D)
  2 merfolk (D)
  A jumping spider (D)
  6 polar bears (D)
  A tyrant leech (D)
  2 hornets (D)
  A wind drake (D)
  A bog body (D)
  A dream sheep (D)
  2 hippogriffs (D)
  A water elemental (D)
  A spriggan (D)
  A tarantella (D)
  6 wraiths (D)
  2 wyverns (D)
  An insubstantial wisp (D)
  5 water moccasins (D)
  A porcupine (D)
  An ice beast (D)
  A sky beast (D)
  4 black bears (D)
  A phantom (D)
  4 ogres (D)
  13 orc warriors (D)
  A wolf (D)
  An eye of draining (D)
  A crocodile (D)
  4 bullfrogs (D)
  A killer bee (D)
  A crimson imp (D)
  A jelly (D)
  An orc priest (D)
  4 orc wizards (D)
  A worker ant (D)
  An adder (D)
  11 orcs (D)
  2 bats (D)
  2 bat skeletons (D)
  A jackal (D)
  A kobold (D)
  A frilled lizard (D)
  A rat (D)
186 creatures vanquished.

Notes
Turn   | Place    | Note
-------+----------+-------------------------------------------
     0 | D        | wilfster70 the Minotaur Fighter began the quest for the
                  | Orb.
     0 | D        | Reached XP level 1. HP: 19/19 MP: 0/0
    16 | D        | Reached skill level 1 in Dodging
    19 | D        | Reached skill level 4 in Fighting
    30 | D        | Noticed a crimson imp
    30 | D        | Noticed a phantom
    30 | D        | Noticed a jelly
    30 | D        | Noticed a worker ant
    33 | D        | Killed a crimson imp
    33 | D        | Reached skill level 5 in Maces & Flails
    33 | D        | Reached XP level 2. HP: 28/28 MP: 1/1
    33 | D        | Reached XP level 3. HP: 35/35 MP: 2/2
    46 | D        | Reached skill level 5 in Fighting
    46 | D        | Reached skill level 5 in Armour
    46 | D        | Reached skill level 5 in Shields
    46 | D        | Reached XP level 4. HP: 42/42 MP: 3/3
    77 | D        | Killed a phantom
    77 | D        | Reached skill level 6 in Fighting
    77 | D        | Reached XP level 5. HP: 40/51 MP: 4/4
   141 | D        | Found a roughly hewn altar of Beogh.
   141 | D        | Found a snail-covered altar of Cheibriados.
   141 | D        | Found a shadowy altar of Dithmenos.
   141 | D        | Found a white marble altar of Elyvilon.
   141 | D        | Found a blossoming altar of Fedhas.
   141 | D        | Found an opulent altar of Gozag.
   142 | D        | Found a hazy altar of Hepliaklqana.
   143 | D        | Found a viscous altar of Jiyva.
   144 | D        | Found an ancient bone altar of Kikubaaqudgha.
   145 | D        | Found a corrupted altar of Lugonu.
   146 | D        | Found a burning altar of Makhleb.
   147 | D        | Found a sparkling altar of Nemelex Xobeh.
   148 | D        | Found an iron altar of Okawaru.
   149 | D        | Became a worshipper of Gozag Ym Sagoz the Greedy
   150 | D        | Found a stormy altar of Qazlal.
   151 | D        | Found a sacrificial altar of Ru.
   152 | D        | Found a deep blue altar of Sif Muna.
   153 | D        | Found a bloodstained altar of Trog.
   154 | D        | Found a hide-covered altar of Uskayaw.
   155 | D        | Found a radiant altar of Vehumet.
   156 | D        | Found an ornate altar of the Wu Jian Council.
   157 | D        | Found a shimmering altar of Xom.
   158 | D        | Found a basalt altar of Yredelemnul.
   159 | D        | Found a glowing silver altar of Zin.
   160 | D        | Found a glowing golden altar of the Shining One.
   212 | D        | Noticed an orc warrior
   212 | D        | Noticed an ice beast
   212 | D        | Noticed an orc warrior
   216 | D        | Reached skill level 5 in Dodging
   224 | D        | Killed an orc warrior
   224 | D        | Reached skill level 7 in Fighting
   224 | D        | Reached XP level 6. HP: 56/60 MP: 5/5
   228 | D        | Killed an ice beast
   228 | D        | Reached skill level 10 in Maces & Flails
   229 | D        | Reached skill level 8 in Fighting
   236 | D        | Killed an orc warrior
   236 | D        | Reached XP level 7. HP: 48/68 MP: 6/6
   333 | D        | Noticed a wraith
   345 | D        | Killed a wraith
   364 | D        | Reached skill level 9 in Fighting
   439 | D        | Noticed Joseph
   452 | D        | Killed Joseph
   452 | D        | Reached XP level 8. HP: 56/78 MP: 7/7
   593 | D        | Noticed a five-headed hydra
   593 | D        | Noticed a hippogriff
   598 | D        | Noticed a spiny frog
   603 | D        | Killed a five-headed hydra
   603 | D        | Reached skill level 10 in Fighting
   603 | D        | Reached skill level 10 in Armour
   603 | D        | Reached skill level 10 in Shields
   613 | D        | Killed a hippogriff
   613 | D        | Reached XP level 9. HP: 69/86 MP: 8/8
   621 | D        | Reached skill level 11 in Fighting
   639 | D        | Killed a spiny frog
   641 | D        | Reached skill level 10 in Dodging
   764 | D        | Bought a glowing flail for 221 gold pieces
   768 | D        | Noticed a polar bear
   768 | D        | Noticed a polar bear
   773 | D        | Killed a polar bear
   784 | D        | Reached skill level 12 in Fighting
   785 | D        | Noticed a black mamba
   795 | D        | Killed a polar bear
   809 | D        | Killed a black mamba
   809 | D        | Reached XP level 10. HP: 56/100 MP: 9/9
   975 | D        | Reached skill level 13 in Fighting
  1066 | D        | Noticed Psyche
  1074 | D        | Killed Psyche
  1117 | D        | Noticed Erica
  1133 | D        | Killed Erica
  1215 | D        | Reached skill level 1 in Long Blades
  1394 | D        | Noticed an orc knight
  1402 | D        | Killed an orc knight
  1402 | D        | Reached skill level 14 in Fighting
  1424 | D        | Noticed an orc high priest
  1439 | D        | Reached XP level 11. HP: 67/110 MP: 10/10
  1441 | D        | Noticed a soul eater
  1465 | D        | Killed an orc high priest
  1874 | D        | Found Pif Xuim's Antique Armour Emporium.
  1874 | D        | Noticed an ogre mage
  1874 | D        | Noticed an ogre mage
  1874 | D        | Noticed an ogre mage
  1874 | D        | Noticed an ogre mage
  1882 | D        | Noticed an ogre mage
  1895 | D        | Killed an ogre mage
  1895 | D        | Reached skill level 5 in Long Blades
  1900 | D        | Killed an ogre mage
  1911 | D        | Killed an ogre mage
  1911 | D        | Reached skill level 15 in Fighting
  1911 | D        | Reached skill level 15 in Armour
  1920 | D        | Killed an ogre mage
  1920 | D        | Reached skill level 15 in Shields
  1941 | D        | Found Icso's Jewellery Shoppe.
  1942 | D        | Killed an ogre mage
  2179 | D        | Found Alotisis's Antique Armour Emporium.
  2183 | D        | Found Asuojudo's Weapon Shoppe.
  2185 | D        | Noticed a two-headed ogre
  2185 | D        | Noticed an ogre mage
  2186 | D        | Noticed a two-headed ogre
  2187 | D        | Noticed an ogre mage
  2192 | D        | Killed a two-headed ogre
  2198 | D        | Killed an ogre mage
  2198 | D        | Reached skill level 16 in Fighting
  2203 | D        | Killed a two-headed ogre
  2211 | D        | Killed an ogre mage
  2244 | D        | Bought a pair of runed gloves for 127 gold pieces
  2267 | D        | Bought the ring "Cehodoz" {rElec rC+ Stlth+} for 423 gold
                  | pieces
  2272 | D        | Bought a dazzling plate armour for 644 gold pieces
  2282 | D        | Identified the +1 plate armour of Gogunesch {Int+3 Stlth+}
                  | (You bought it in a shop in the Dungeon)
  2392 | D        | Bought a ration for 70 gold pieces
  2392 | D        | Bought a ration for 70 gold pieces
  2392 | D        | Bought a ration for 70 gold pieces
  2392 | D        | Bought a ration for 70 gold pieces
  2392 | D        | Bought a ration for 70 gold pieces
  2392 | D        | Bought a ration for 70 gold pieces
  2392 | D        | Bought a ration for 70 gold pieces
  2563 | D        | Got the +3 flail "Bocezedi" {crush, *Drain rPois Str+5
                  | SInv}
  2587 | D        | Noticed a red ugly thing
  2589 | D        | Noticed a rakshasa
  2602 | D        | Noticed a purple very ugly thing
  2603 | D        | Noticed a rakshasa
  2604 | D        | Killed a rakshasa
  2604 | D        | Reached skill level 15 in Dodging
  2622 | D        | Noticed an ice dragon
  2631 | D        | Killed a red very ugly thing
  2631 | D        | Reached skill level 17 in Fighting
  2631 | D        | Reached XP level 12. HP: 79/125 MP: 2/11
  2638 | D        | Noticed an ettin
  2642 | D        | Noticed a deep troll earth mage
  2650 | D        | Noticed a deep troll earth mage
  2653 | D        | Killed a rakshasa
  2655 | D        | Noticed an ogre mage
  2662 | D        | Noticed a deep troll shaman
  2675 | D        | Killed an ice dragon
  2684 | D        | Killed an ettin
  2696 | D        | Killed a deep troll earth mage
  2696 | D        | HP: 5/127 [ogre mage/crystal spear (18)]
  2708 | D        | Killed a deep troll shaman
  2708 | D        | Reached skill level 18 in Fighting
  2710 | D        | Killed an ogre mage
  3090 | D        | Noticed an anaconda
  3099 | D        | Killed an anaconda
  3165 | D        | Reached skill level 19 in Fighting
  3584 | D        | Noticed a six-headed hydra
  3584 | D        | Noticed a brown very ugly thing
  3593 | D        | Reached skill level 1 in Evocations
  3613 | D        | Killed a one-headed hydra
  3613 | D        | Noticed an alligator
  3626 | D        | Killed a brown very ugly thing
  3626 | D        | Reached XP level 13. HP: 56/139 MP: 12/14
  3662 | D        | Reached skill level 20 in Fighting
  3785 | D        | Paralysed by a hornet for 1 turns
  3807 | D        | Reached skill level 5 in Evocations
  3824 | D        | Killed a ghost moth
  3931 | D        | Reached skill level 21 in Fighting
  4001 | D        | Bought a paperback book for 405 gold pieces
  4001 | D        | Bought faintly humming ice dragon scales for 1755 gold
                  | pieces
  4011 | D        | Identified the +1 ice dragon scales "Nufi Wim" {rF- rC++
                  | Str+6 Dex-2} (You bought it in a shop in the Dungeon)
  4227 | D        | Noticed Agnes
  4228 | D        | Noticed Josephine
  4246 | D        | Killed Agnes
  4257 | D        | Killed Josephine
  4257 | D        | Reached skill level 22 in Fighting
  4372 | D        | Noticed a fire dragon
  4372 | D        | Noticed a cyan very ugly thing
  4386 | D        | Killed a fire dragon
  4392 | D        | Noticed an ettin
  4399 | D        | Killed a cyan very ugly thing
  4406 | D        | Noticed a fire giant
  4412 | D        | Noticed a spark wasp
  4414 | D        | Killed an ettin
  4420 | D        | Killed a fire giant
  4420 | D        | Reached skill level 23 in Fighting
  4424 | D        | Noticed a green very ugly thing
  4427 | D        | Killed a spark wasp
  4431 | D        | Noticed a stone giant
  4432 | D        | Noticed a fire giant
  4436 | D        | Killed a green very ugly thing
  4436 | D        | Reached XP level 14. HP: 92/157 MP: 19/19
  4463 | D        | Killed a stone giant
  4467 | D        | Killed a fire giant
  4467 | D        | Reached skill level 10 in Long Blades
  4467 | D        | Reached skill level 10 in Evocations
  4504 | D        | Reached skill level 24 in Fighting
  4912 | D        | Noticed an entropy weaver
  5024 | D        | Killed an entropy weaver
  5286 | D        | Noticed a vault warden
  5290 | D        | Noticed a vault warden
  5296 | D        | Noticed an ironheart preserver
  5307 | D        | Noticed a fire giant
  5324 | D        | Killed a vault warden
  5328 | D        | Reached skill level 25 in Fighting
  5367 | D        | Killed a vault warden
  5377 | D        | Killed an ironheart preserver
  5388 | D        | HP: 1/162 [fire giant/bolt of fire (15)]
  5390 | D        | Killed a fire giant
  5799 | D        | Bought the +4 flail of Uncomfortable Rashes {crush, +Fly
                  | SInv} for 423 gold pieces
  5821 | D        | Noticed Mennas
  5917 | D        | Slain by Mennas

Levels and vault maps discovered:
D:        linesprint [early_d, line_temple, items_1, d_10, items_2, lair_1,
          lair_end, items_3, orc_1, orc_end, items_4, d_15, swamp_1, shoals_1,
          snake_1, spider_1, d_20, vaults_1, items_5, swamp_end, shoals_end,
          snake_end, spider_end, vaults_end, d_27, items_6, zot_1, zot_end,
          crypt_end, forest_end, elf_end, slime_end, tomb_end, abyss_end,
          pan_hell_end]

Skill      XL: |  1  2  3  4  5  6  7  8  9 10 11 12 13 14 |
---------------+-------------------------------------------+-----
Maces & Flails | 5 8 9 10 12 13 14 | 14.0
Dodging        | 2 3 4 5 6 7 9 11 12 15 17 19 20 | 20.9
Fighting       | 4 5 6 7 8 9 10 12 14 17 19 23 25 | 25.5
Shields        | 4 5 6 7 8 9 10 12 14 15 | 15.1
Armour         | 4 5 6 7 8 9 10 12 14 16 19 | 19.0
Long Blades    | 3 6 9 12 | 12.8
Evocations     | 3 9 11 | 11.7

Action                   |  1- 3 |  4- 6 |  7- 9 | 10-12 | 13-15 || total
-------------------------+-------+-------+-------+-------+-------++-------
Melee: Flail             |    30 |    36 |   127 |   449 |   483 ||  1125
       Headbutt          |     7 |     6 |    35 |   108 |   127 ||   283
       Scimitar          |       |       |       |     5 |       ||     5
Invok: Call Merchant     |       |       |     1 |     2 |     2 ||     5
       Potion Petition   |       |       |       |     6 |     5 ||    11
  Use: Potion            |     1 |       |       |       |     4 ||     5
       Scroll            |       |       |     2 |       |       ||     2
 Stab: Distracted        |       |       |       |     6 |     9 ||    15
       Invisible         |       |       |       |     2 |     4 ||     6
  Eat: Ration            |       |       |       |     3 |     2 ||     5
Armor: Scale mail        |     9 |     5 |       |       |       ||    14
       Plate armour      |       |     7 |    44 |   109 |   140 ||   300
Dodge: Dodged            |     9 |     9 |    45 |   130 |   176 ||   369
Block: Shield            |    20 |     9 |    59 |   165 |   235 ||   488

Table legend:
 A = Non-vault XP
 B = Vault XP
 C = Vault XP percentage of total XP
 D = Non-vault monster count
 E = Vault monster count
 F = Vault count percentage of total count
                 A         B        C        D         E       F
            +---------+---------+-------+---------+---------+-------
      Total |     211 |   91575 |  99.8 |       1 |     185 |  99.5
            +---------+---------+-------+---------+---------+-------
          D |     211 |   91575 |  99.8 |       1 |     185 |  99.5
            +---------+---------+-------+---------+---------+-------
